AoeStats
← lchhean09

QS Arena

502997130Analyzed
4v4 RM · 1mo ago on Aug 29, 2026· 8m 26s· 8 players
Game mode
Random Map
Map size
Large (8 player)
Population
200
Speed
Normal
Resources
Standard
Victory
Conquest
Starting age
Dark Age
Ending age
Imperial Age
RankedLock teamsTeams togetherTeam positionsShared explorationLock speedFull tech treeHidden civsTurbo modeCheats
Victory
Defeat
🇦🇷 Khmer · Argentina
906
+15
🇺🇸 Inca · United States
903
+15
🇵🇪 Spanish · Peru
873
+16
🇬🇧 Lithuanians · United Kingdom
861
+17
🇨🇳 Goths · China
919
-18
🇨🇦 Ethiopians · Canada
919
-18
🇩🇪 Portuguese · Germany
853
-15
🇺🇸 Turks · United States
839
-14
El Último Rey
8:53 Feudal Age
lchhean09
0:29 Loom
8:02 Feudal Age
neethgiE
8:26 Feudal Age
Big Papi
4:39 Loom
7:01 Feudal Age
7:32 Double-Bit Axe
tequilamockingbird
9:29 Feudal Age
Wololo
0:27 Loom
9:02 Feudal Age
So Premium
Jimmy Levy (GEO)
0:48 Loom
Connection lost

Rejoining the realm…

Still unreachable

The connection could not be restored.

Session expired

The server has moved on; the page needs a fresh start.